 Dungeon Crawl Stone Soup version 0.28.0-43-g3370ac3207 (webtiles) character file.

Game seed: 4972957192262318107

144 Ablot the Grasshopper (level 5, -3/43 HPs)
             Began as a Gnoll Warper on Mar 6, 2022.
             Was a Follower of Fedhas.
             Slain by a gnoll
             ... wielding a +0 halberd
              (8 damage)
             ... on level 2 of the Dungeon.
             The game lasted 00:03:01 (3287 turns).

Ablot the Grasshopper (Gnoll Warper)                Turns: 3287, Time: 00:03:02

Health: -3/43      AC:  4    Str: 12    XL:     5   Next: 27%
Magic:  12/12      EV: 13    Int: 12    God:    Fedhas [*.....]
Gold:   91         SH:  0    Dex: 12    Spells: 12/14 levels left

rFire   . . .      SeeInvis .   a - +0 spear
rCold   . . .      Faith    .   (no shield)
rNeg    . . .      Spirit   .   b - +0 leather armour
rPois   .          Reflect  .   (no helmet)
rElec   .          Harm     .   (no cloak)
rCorr   .          Rampage  .   (no gloves)
Will    .....                   m - +0 pair of boots
Stlth   +.........              (no amulet)
HPRegen 0.14/turn               (no ring)
MPRegen 0.13/turn               (no ring)

@: no status effects
A: fangs 1, strong nose, distributed training
a: Renounce Religion


You were on level 2 of the Dungeon.
You worshipped Fedhas.
Fedhas was aware of your devotion.
You visited 1 branch of the dungeon, and saw 3 of its levels.

You collected 91 gold pieces.

Inventory:

Hand Weapons
 a - a +0 spear (weapon)
Missiles
 d - 4 boomerangs of dispersal
 e - 91 stones
 h - 14 bolts
 j - 4 boomerangs (quivered)
Armour
 b - a +0 leather armour (worn)
 m - a +0 pair of boots (worn)
Scrolls
 c - a scroll of blinking
 f - 2 scrolls of identify {unknown}
 g - a scroll of acquirement {unknown}
 l - a scroll of magic mapping {unknown}
 n - 2 scrolls of enchant weapon {unknown}
 o - a scroll of noise {unknown}
Potions
 i - a potion of attraction {unknown}
 k - 2 potions of lignification {unknown}


   Skills:
 + Level 4.7 Fighting
 + Level 1.4 Short Blades
 + Level 1.4 Long Blades
 + Level 1.4 Axes
 + Level 1.4 Maces & Flails
 + Level 4.7 Polearms
 + Level 1.4 Staves
 + Level 1.4 Slings
 + Level 1.4 Bows
 + Level 1.4 Crossbows
 + Level 2.9 Throwing
 + Level 2.9 Armour
 + Level 4.7 Dodging
 + Level 1.4 Stealth
 + Level 1.4 Shields
 + Level 1.4 Unarmed Combat
 + Level 5.2 Spellcasting
 + Level 1.1 Conjurations
 + Level 1.1 Hexes
 + Level 1.1 Summonings
 + Level 1.1 Necromancy
 + Level 5.5 Translocations
 + Level 1.1 Transmutations
 + Level 1.1 Fire Magic
 + Level 1.1 Ice Magic
 + Level 1.1 Air Magic
 + Level 1.1 Earth Magic
 + Level 1.1 Poison Magic
 + Level 1.6 Invocations
 + Level 1.4 Evocations


You had 12 spell levels left.
You knew the following spells:

 Your Spells              Type           Power      Damage    Failure   Level
a - Blink                 Tloc           32%        N/A       3%          2

Your spell library contained the following spells:

 Spells                   Type           Power      Damage    Failure   Level
 Gell's Gravitas          Tloc           16%        N/A       8%          3
 Lesser Beckoning         Tloc           16%        N/A       8%          3
 Teleport Other           Tloc           16%        N/A       8%          3
 Manifold Assault         Tloc           16%        N/A       56%         5


Dungeon Overview and Level Annotations

Branches:
Dungeon (3/15)

Altars:
Fedhas


Innate Abilities, Weirdness & Mutations

You have very sharp teeth.
Your uncanny sense of smell can sniff out nearby items.
Your experience applies equally to all skills.


Message History

There is a stone staircase leading down here.
You hit the gnoll.
The gnoll is lightly wounded.
The gnoll hits you with a +0 whip.
You hit the gnoll but do no damage. You bite the gnoll, but do no damage.
The gnoll is lightly wounded.
The gnoll barely misses you.
You hit the gnoll.
The gnoll is heavily wounded.
The gnoll misses you.
You puncture the gnoll!
You kill the gnoll!
Fedhas appreciates your contribution to the ecosystem.
You see here a +0 whip.
There is a stone staircase leading down here.
You start resting.
HP restored.
You climb downwards.
There is a stone staircase leading up here.
Unknown command.
There is a stone staircase leading up here.
The gnoll hits you with a +0 halberd. The gnoll barely misses you.
You climb upwards.
There is a stone staircase leading down here.
You barely miss the gnoll. The gnoll hits you with a +0 halberd.
You hit the gnoll.
The gnoll is lightly wounded.
The gnoll hits you with a +0 halberd!
You closely miss the gnoll.
The gnoll is lightly wounded.
The gnoll hits you with a +0 halberd!
You barely miss the gnoll.
The gnoll is lightly wounded.
The gnoll hits you with a +0 halberd!
* * * LOW HITPOINT WARNING * * *
You hit the gnoll. You punch the gnoll.
The gnoll is severely wounded.
The gnoll hits you with a +0 halberd!
You die...
Fedhas appreciates your contribution to the ecosystem.

#..............###.
#..._..#.###..###..
#......#.# #.#....#
##.......# #.#...#.
####..#####.#..##.
#..............#..
#.####.......##...
#.# #.....####...
##@# ###...# #...
###.g####...###
##.. ##...#.....###
##.. #..###.#####
#... ###.###..#
#... #.......##
#... #....#### ##..
#....# ##. #....#
##


You could see a gnoll.

Vanquished Creatures
  A centaur zombie (D:3)
  3 adders
  3 gnolls
  A worm (D:2)
  2 orcs (D:3)
  A bat (D:2)
  7 endoplasms
  2 giant cockroaches (D:1)
  7 goblins
  8 hobgoblins
  2 jackals (D:2)
  3 quokkas
  2 ball pythons (D:2)
  A frilled lizard (D:3)
  5 kobolds
  3 rats
51 creatures vanquished.

Notes
Turn   | Place    | Note
-------+----------+-------------------------------------------
     0 | D:1      | Ablot the Gnoll Warper began the quest for the Orb.
     0 | D:1      | Reached XP level 1. HP: 20/20 MP: 6/6
   290 | D:1      | Reached XP level 2. HP: 23/26 MP: 7/7
   295 | D:1      | Learned a level 2 spell: Blink
   677 | D:1      | Reached XP level 3. HP: 31/31 MP: 9/9
   861 | D:2      | Reached skill level 5 in Spellcasting
   899 | D:2      | Found a blossoming altar of Fedhas.
   929 | D:2      | Became a worshipper of Fedhas Madash
  1162 | D:2      | Reached skill level 1 in Invocations
  1500 | D:2      | Reached skill level 1 in Short Blades
  1500 | D:2      | Reached skill level 1 in Long Blades
  1500 | D:2      | Reached skill level 1 in Axes
  1500 | D:2      | Reached skill level 1 in Maces & Flails
  1500 | D:2      | Reached skill level 1 in Staves
  1500 | D:2      | Reached skill level 1 in Slings
  1500 | D:2      | Reached skill level 1 in Bows
  1500 | D:2      | Reached skill level 1 in Crossbows
  1500 | D:2      | Reached skill level 1 in Stealth
  1500 | D:2      | Reached skill level 1 in Shields
  1500 | D:2      | Reached skill level 1 in Unarmed Combat
  1500 | D:2      | Reached skill level 1 in Evocations
  1518 | D:2      | Reached XP level 4. HP: 26/38 MP: 11/11
  1803 | D:2      | Found a faded altar of an unknown god.
  2589 | D:3      | Reached skill level 1 in Conjurations
  2589 | D:3      | Reached skill level 1 in Hexes
  2589 | D:3      | Reached skill level 1 in Summonings
  2589 | D:3      | Reached skill level 1 in Necromancy
  2589 | D:3      | Reached skill level 1 in Transmutations
  2589 | D:3      | Reached skill level 1 in Fire Magic
  2589 | D:3      | Reached skill level 1 in Ice Magic
  2589 | D:3      | Reached skill level 1 in Air Magic
  2589 | D:3      | Reached skill level 1 in Earth Magic
  2589 | D:3      | Reached skill level 1 in Poison Magic
  2595 | D:3      | Reached * piety under Fedhas
  2596 | D:3      | Reached XP level 5. HP: 19/43 MP: 12/12
  3287 | D:2      | Slain by a gnoll

Illustrated notes

Levels and vault maps discovered:
D:1:      tarquinn_simple_flora_water_c, layout_rooms, minmay_misc_feat_x
D:2:      layout_rooms, hellmonk_ecumenical_altar_prayer_group, basic_altar,
          hangedman_decor_diamond_cutter
D:3:      layout_basic, minitemple, minmay_fractal_squares_5

Skill      XL: |  1  2  3  4 |
---------------+-------------+-----
Spellcasting   | 5 |  5.2
Invocations    | 1 |  1.6
Short Blades   | 1 |  1.4
Long Blades    | 1 |  1.4
Axes           | 1 |  1.4
Maces & Flails | 1 |  1.4
Staves         | 1 |  1.4
Slings         | 1 |  1.4
Bows           | 1 |  1.4
Crossbows      | 1 |  1.4
Stealth        | 1 |  1.4
Shields        | 1 |  1.4
Unarmed Combat | 1 |  1.4
Evocations     | 1 |  1.4
Conjurations   | 1 |  1.1
Hexes          | 1 |  1.1
Summonings     | 1 |  1.1
Necromancy     | 1 |  1.1
Transmutations | 1 |  1.1
Fire Magic     | 1 |  1.1
Ice Magic      | 1 |  1.1
Air Magic      | 1 |  1.1
Earth Magic    | 1 |  1.1
Poison Magic   | 1 |  1.1
Fighting       | |  4.7
Polearms       | |  4.7
Throwing       | |  2.9
Armour         | |  2.9
Dodging        | |  4.7
Translocations | |  5.5

Action                   |  1- 3 |  4- 6 || total
-------------------------+-------+-------++-------
Melee: Spear             |   117 |   133 ||   250
       Bite              |     7 |    14 ||    21
       Punch             |     1 |     4 ||     5
Throw: Boomerang         |     3 |       ||     3
 Stab: Sleeping          |     2 |       ||     2
Armor: Leather armour    |    21 |    26 ||    47
Dodge: Dodged            |    33 |   109 ||   142
